 Dungeon Crawl Stone Soup version 0.24.0-2-g5b39cebb1c (webtiles) character file.

Game seed: 10132201737657643112, levelgen mode: deterministic

105 Esekla the Slasher (level 4, -2/31 HPs)
             Began as an Octopode Abyssal Knight on Oct 30, 2019.
             Was a Believer of Lugonu.
             Slain by an orc
             ... wielding a +0 flail
              (11 damage)
             ... on level 3 of the Dungeon.
             The game lasted 00:07:58 (1675 turns).

Esekla the Slasher (Octopode Abyssal Knight)        Turns: 1675, Time: 00:07:58

Health: -2/31      AC:  1    Str: 11    XL:     4   Next: 83%
Magic:  5/5        EV: 14    Int: 14    God:    Lugonu [**....]
Gold:   20         SH:  0    Dex: 12    Spells: 3/3 levels left

rFire    . . .     SeeInvis .   a - +1 falchion
rCold    . . .     Gourm    .   (no shield)
rNeg     . . .     Faith    .   (helmet restricted)
rPois    .         Spirit   .   (no amulet)
rElec    .         Reflect  .   m - ring of wizardry
rCorr    .         Harm     .   (no ring)
MR       .....                  (no ring)
Stlth    +++.......             (no ring)
HPRegen  0.10/turn              (no ring)
MPRegen  0.09/turn              (no ring)
                                (no ring)
                                (no ring)

@: no status effects
A: almost no armour, stealthy swim, amphibious, 8 rings, constrict 8, camouflage
1, gelatinous body 1
a: Depart the Abyss, Bend Space, Renounce Religion


You were on level 3 of the Dungeon.
You worshipped Lugonu.
Lugonu was pleased with you.
You were not hungry.

You visited 1 branch of the dungeon, and saw 3 of its levels.
You visited the Abyss 1 time.

You collected 20 gold pieces.

Inventory:

Hand Weapons
 a - a +1 falchion (weapon)
 r - a +0 short sword
Jewellery
 m - a ring of wizardry (left tentacle)
 q - an uncursed ring of ice
Scrolls
 d - 3 scrolls of identify {unknown}
 e - a scroll of fog {unknown}
 h - a scroll of teleportation {unknown}
 i - a scroll of enchant weapon {unknown}
 l - a scroll of magic mapping {unknown}
 p - 2 scrolls of immolation {unknown}
Potions
 c - a potion of magic {unknown}
 f - 2 potions of might {unknown}
 g - a potion of heal wounds {unknown}
 j - a potion of haste {unknown}
 k - a potion of agility {unknown}
 n - a potion of ambrosia {unknown}
 o - a potion of degeneration {unknown}
Comestibles
 b - 5 rations


   Skills:
 + Level 3.4 Fighting
 * Level 4.0 Long Blades
 + Level 2.7 Dodging
 - Level 1.5 Stealth
 + Level 2.0 Invocations


You had 3 spell levels left.
You didn't know any spells.
Your spell library was empty.

Dungeon Overview and Level Annotations

Branches:
Dungeon (3/15)

Altars:


Innate Abilities, Weirdness & Mutations

You cannot wear most types of armour.
You are very stealthy in the water. (Stealth+)
You are amphibious.
You can wear up to eight rings at the same time.
You can use your tentacles to constrict eight enemies at once.
Your skin changes colour to match your surroundings (Stealth+).
Your rubbery body absorbs attacks. (AC +1, EV +1)


Message History

An orc comes into view. It is wielding a +0 flail.
Robin closely misses you.
You hit Robin. You squeeze Robin.
Robin is almost dead.
You constrict Robin.
You kill Robin!
Lugonu accepts your kill.
Your Long Blades skill increases to level 4!
You hit the hobgoblin.
You kill the hobgoblin!
Lugonu accepts your kill.
You hit the goblin.
You kill the goblin!
Lugonu accepts your kill.
You closely miss the orc. Your grab misses the orc.
The orc hits you with a +0 flail.
* * * LOW HITPOINT WARNING * * *
You barely miss the orc. Your grab misses the orc.
The orc hits you with a +0 flail!
You die...

.....# ....# #...#
#gg.# ########
#.g.# #.(....#
#...# #......#
#...#
#......#####...#
#......'.)@og..#
#......#####...###
#......# #.....#
###'#### ##....#
#.# #....# #.#
#....# #########.#
#....# ..........#
###### ###########


You could see an orc and a goblin.

Vanquished Creatures
  Robin (D:3)
  2 adders (D:2)
  4 dart slugs
  A leopard gecko (D:2)
  7 bats
  7 giant cockroaches (D:1)
  10 goblins
  A hobgoblin (D:3)
  8 jackals (D:1)
  11 kobolds
  A quokka (D:2)
  2 frilled lizards
  6 rats
61 creatures vanquished.

Vanquished Creatures (others)
  4 starspawn tentacles (Abyss:2)
4 creatures vanquished.

Grand Total: 65 creatures vanquished

Notes
Turn   | Place    | Note
-------+----------+-------------------------------------------
     0 | Abyss:1  | Esekla the Octopode Abyssal Knight began the quest for the
                  | Orb.
     0 | Abyss:1  | Reached XP level 1. HP: 16/16 MP: 2/2
    43 | Abyss:2  | Noticed a starcursed mass
    66 | Abyss:2  | Noticed a tentacled starspawn
    85 | Abyss:2  | Noticed a small abomination
    91 | Abyss:2  | Noticed a thrashing horror
    93 | D:1      | Escaped the Abyss
   261 | D:1      | Reached XP level 2. HP: 21/21 MP: 3/3
   430 | D:1      | Reached * piety under Lugonu
   536 | D:1      | Reached XP level 3. HP: 25/26 MP: 4/4
   632 | D:1      | Reached skill level 3 in Long Blades
   807 | D:2      | Reached skill level 1 in Stealth
   888 | D:2      | Reached XP level 4. HP: 21/31 MP: 5/5
  1621 | D:3      | Reached ** piety under Lugonu
  1648 | D:3      | Noticed Robin
  1671 | D:3      | Killed Robin
  1671 | D:3      | Reached skill level 4 in Long Blades
  1675 | D:3      | Slain by an orc

Levels and vault maps discovered:
D:1:      minmay_arrival_stone_box, layout_basic, minmay_misc_feat_square,
          minmay_worlds_worst_comb
D:2:      layout_basic, first_ration
D:3:      layout_basic, old_standard_altar, uniq_robin

Skill      XL: |  1  2  3  4 |
---------------+-------------+-----
Long Blades    | 3 4 |  4.0
Stealth        | 1 |  1.5
Fighting       | |  3.4
Dodging        | |  2.7
Invocations    | |  2.0

Action                   |  1- 3 |  4- 6 || total
-------------------------+-------+-------++-------
Melee: Falchion          |    56 |    41 ||    97
       Constrict         |    22 |    14 ||    36
       Tentacles         |    11 |     7 ||    18
Invok: Depart the Abyss  |     1 |       ||     1
 Stab: Sleeping          |    10 |     3 ||    13
  Eat: Ration            |       |     1 ||     1
Armor: Skin              |     6 |     7 ||    13
Dodge: Dodged            |    41 |    22 ||    63
       Rpst.: Falchion   |    12 |     4 ||    16
